 Dungeon Crawl Stone Soup version 0.27-a0-1219-g958d993ae5 (webtiles) character file.

Game seed: 3299615606883290138

901 polve the Skirmisher (level 7, -2/59 HPs)
             Began as a Demonspawn Abyssal Knight on June 6, 2021.
             Was a Priest of Lugonu.
             Slain by an orc warrior
             ... wielding a +0 glaive
              (3 damage)
             ... on level 8 of the Dungeon.
             The game lasted 00:06:43 (7328 turns).

polve the Skirmisher (Demonspawn Abyssal Knight)    Turns: 7328, Time: 00:06:43

Health: -2/59      AC: 10    Str: 14    XL:     7   Next: 80%
Magic:  7/8        EV: 15    Int: 13    God:    Lugonu [***...]
Gold:   250        SH:  0    Dex: 13    Spells: 6/6 levels left

rFire    . . .     SeeInvis .   a - +1 short sword
rCold    . . .     Faith    .   (no shield)
rNeg     . . .     Spirit   .   o - +3 ring mail
rPois    .         Reflect  .   g - +0 helmet
rElec    .         Harm     .   (no cloak)
rCorr    +         Rampage  .   (no gloves)
Will     .....                  (no boots)
Stlth    +.........             (no amulet)
HPRegen  0.19/turn              e - +4 ring of evasion
MPRegen  0.11/turn              j - ring of resist corrosion

@: lethally poisoned (-2 -> -5), slowed, very slow
A: claws 1, rugged brown scales 1, demonic guardian 1
a: Renounce Religion, Depart the Abyss, Bend Space, Banish


You were on level 8 of the Dungeon.
You worshipped Lugonu.
Lugonu was most pleased with you.
You visited 1 branch of the dungeon, and saw 6 of its levels.
You visited the Abyss 1 time.

You collected 250 gold pieces.

Inventory:

Hand Weapons
 a - a +1 short sword (weapon)
Missiles
 m - 5 poisoned darts (quivered)
Armour
 g - a +0 helmet (worn)
 o - a +3 ring mail (worn)
Jewellery
 e - a +4 ring of evasion (left claw)
 j - a ring of resist corrosion (right claw)
Wands
 t - a wand of flame (14)
Scrolls
 b - a scroll of immolation {unknown}
 c - 2 scrolls of fear {unknown}
 d - 7 scrolls of identify {unknown}
 f - a scroll of magic mapping {unknown}
 h - a scroll of enchant armour {unknown}
 i - a scroll of brand weapon {unknown}
 k - a scroll of teleportation {unknown}
 l - 2 scrolls of noise {unknown}
 n - a scroll of fog {unknown}
 q - a scroll of silence {unknown}
 s - a scroll of enchant weapon {unknown}
Potions
 p - a potion of flight
 r - a potion of curing


   Skills:
 - Level 6.0 Fighting
 - Level 4.0 Short Blades
 + Level 3.4 Armour
 - Level 2.0 Dodging
 - Level 4.0 Unarmed Combat
 - Level 2.4 Invocations


You had 6 spell levels left.
You didn't know any spells.
Your spell library contained the following spells:

 Spells                   Type           Power      Damage    Failure   Level
 Summon Small Mammal      Summ           0%         N/A       52%         1
 Call Imp                 Summ           0%         N/A       67%         2
 Call Canine Familiar     Summ           0%         N/A       88%         3
 Summon Guardian Golem    Hex/Summ       0%         N/A       88%         3
 Summon Ice Beast         Ice/Summ       0%         N/A       99%         4
 Summon Lightning Spire   Summ/Air       0%         N/A       99%         4


Dungeon Overview and Level Annotations

Branches:
Dungeon (5/15)
 Temple: D:4-7

Altars:
Fedhas
Uskayaw
Vehumet

Annotations:
D:8 Erica


Innate Abilities, Weirdness & Mutations

You have sharp fingernails.
You are partially covered in rugged brown scales. (AC +1, +3% HP)
A weak demonic guardian rushes to your aid.


Message History

a +0 hand axe; a +0 leather armour of poison resistance; an orc corpse
Found a hide-covered altar of Uskayaw.
The orc warrior closely misses you.
Found 11 stones.
The orc warrior barely misses you. The orc warrior barely misses you.
You see here a potion of curing.
r - a potion of curing The orc warrior misses you.
You hear the quick creaking of a very distant portcullis.
Found a scroll labelled WIS EDOFAVUPI.
Found a scroll labelled UWANUTOONA.
Erica the Fiery-Tempered comes into view.
She is wielding a +1 scimitar of flaming.
Erica points at you and mumbles some strange words.
The bolt of poison hits you!
You are poisoned.
* * * LOW HITPOINT WARNING * * *
Space bends around you!
You blink.
* * * LOW HITPOINT WARNING * * *
You feel very sick.
Press: ? - help, Shift-Dir - straight line, f - Erica
Aim: Erica, wielding a +1 scimitar of flaming and wearing a +0 robe (chance to affect: 50%)
You fail to use your ability.
* * * LOW HITPOINT WARNING * * *
You feel very sick.
Okay, then.
* * * LOW HITPOINT WARNING * * *
You feel sick. Erica gestures at you while chanting.
You resist with significant effort.
* * * LOW HITPOINT WARNING * * *
You feel sick.
* * * LOW HITPOINT WARNING * * *
You feel sick.
Erica points at you and mumbles some strange words.
You feel yourself slow down.
* * * LOW HITPOINT WARNING * * *
You feel sick.
The orc warrior hits you from afar with a +0 glaive.
You die...

..... ## .... ..
...#
.###...#######
.##..........#####
.##.#..## #.....#
..#....##.##.@..@#
.......# ........#
..##.#.# ###?.o?.#
####...#####.o...#
##..o.....#####
#.#####.##
##..####...#
##............#
......8........#


You could see Erica, an orc warrior and an orc.

Vanquished Creatures
  An orc warrior (D:8)
  A sky beast (D:5)
  A black bear (D:3)
  A scorpion (D:2)
  A hound (D:4)
  2 orc priests
  A gnoll shaman (D:5)
  Natasha (thrice) (D:4)
  4 adders
  9 gnolls
  A howler monkey skeleton (D:5)
  A white imp (D:8)
  An adder zombie (D:5)
  3 worms (D:4)
  3 dart slugs
  13 orcs
  3 bats
  6 endoplasms
  6 giant cockroaches
  6 goblins
  7 hobgoblins
  10 jackals
  4 quokkas
  7 ball pythons
  3 frilled lizards
  8 kobolds
  7 rats
113 creatures vanquished.

Vanquished Creatures (collateral kills)
  A water moccasin (D:4)
1 creature vanquished.

Grand Total: 114 creatures vanquished

Notes
Turn   | Place    | Note
-------+----------+-------------------------------------------
     0 | Abyss:1  | polve the Demonspawn Abyssal Knight began the quest for the
                  | Orb.
     0 | Abyss:1  | Reached XP level 1. HP: 18/18 MP: 2/2
    44 | Abyss:1  | Noticed a worldbinder
    45 | D:1      | Escaped the Abyss
   135 | D:1      | Gained mutation: A weak demonic guardian rushes to your
                  | aid. [demonic ancestry]
   135 | D:1      | Reached XP level 2. HP: 4/24 MP: 3/3
   403 | D:1      | Reached * piety under Lugonu
  1098 | D:1      | Reached XP level 3. HP: 29/29 MP: 4/4
  1357 | D:1      | Found a faded altar of an unknown god.
  2362 | D:2      | Reached XP level 4. HP: 32/35 MP: 5/5
  2520 | D:2      | Found a blossoming altar of Fedhas.
  2697 | D:3      | Reached ** piety under Lugonu
  3728 | D:3      | Reached skill level 4 in Fighting
  3831 | D:3      | Noticed a scorpion
  4193 | D:3      | Reached XP level 5. HP: 9/43 MP: 6/6
  4441 | D:2      | Reached skill level 5 in Fighting
  4728 | D:4      | Noticed a black bear
  4763 | D:3      | Killed a black bear
  4764 | D:3      | Gained mutation: You have sharp fingernails. [demonic
                  | ancestry]
  4764 | D:3      | Reached XP level 6. HP: 39/52 MP: 7/7
  5190 | D:4      | Found a blossoming altar of Fedhas.
  5415 | D:4      | Noticed Natasha
  5425 | D:4      | Killed Natasha
  5426 | D:4      | Reached skill level 1 in Unarmed Combat
  5459 | D:4      | Noticed Natasha
  5467 | D:4      | Killed Natasha
  5549 | D:4      | Reached *** piety under Lugonu
  5550 | D:4      | Reached skill level 6 in Fighting
  5658 | D:4      | Noticed Natasha
  5664 | D:4      | Killed Natasha
  5750 | D:4      | Found a radiant altar of Vehumet.
  5964 | D:5      | Entered Level 5 of the Dungeon
  6014 | D:5      | Noticed a sky beast
  6052 | D:5      | Killed a sky beast
  6053 | D:5      | Gained mutation: You are partially covered in rugged brown
                  | scales. (AC +1, +3% HP) [demonic ancestry]
  6053 | D:5      | Reached XP level 7. HP: 33/59 MP: 8/8
  6310 | D:4      | Reached skill level 1 in Dodging
  6752 | D:5      | You fall into a shaft and drop 3 floors!
  7279 | D:8      | Found a hide-covered altar of Uskayaw.
  7322 | D:8      | Noticed Erica
  7327 | D:8      | HP: 2/59 [poisoned by Erica (bolt of poison)]
  7328 | D:8      | Slain by an orc warrior

Illustrated notes

Levels and vault maps discovered:
D:1:      kennysheep_arrival_forest, layout_basic,
          chequers_ecumenical_altar_grove
D:2:      layout_rooms, basic_altar, minmay_domino_2
D:3:      layout_rooms, minmay_bisected
D:4:      layout_loops_cross, kennysheep_little_box, kennysheep_mini,
          chequers_serial_rivers_small_b, uniq_natasha
D:5:      layout_basic, overflow_temple_1_default, grunt_decor_cap
D:8:      layout_loops_cross, nicolae_uskayaw_dance_hall, enter_bailey_7,
          uniq_erica

Skill      XL: |  1  2  3  4  5  6  7 |
---------------+----------------------+-----
Short Blades   | 2 3 4 |  4.0
Fighting       | 4 5 6 |  6.0
Unarmed Combat | 3 4 |  4.0
Dodging        | 2 |  2.0
Armour         | 3 |  3.4
Invocations    | |  2.4

Action                   |  1- 3 |  4- 6 |  7- 9 || total
-------------------------+-------+-------+-------++-------
Melee: Short sword       |   150 |   330 |   143 ||   623
       Punch             |       |     3 |     3 ||     6
       Unarmed           |       |       |    14 ||    14
Invok: Depart the Abyss  |     1 |       |       ||     1
       Bend Space        |       |       |     1 ||     1
  Use: Potion            |     2 |     4 |     3 ||     9
Armor: Leather armour    |    45 |     9 |       ||    54
       Ring mail         |       |    68 |    41 ||   109
       Skin              |       |       |     8 ||     8
Dodge: Dodged            |    88 |   216 |    97 ||   401

Table legend: (Time is in decaauts)
 A = Elapsed time spent in this place.
 B = Non-inter-level travel time spent in this place.
 C = Inter-level travel time spent in this place.
 D = Time resting spent in this place.
 E = Time spent auto-exploring this place.
 F = Levels seen in this place.
 G = Mean time per level.
                   A        B        C        D        E       F      G
               +--------+--------+--------+--------+--------+-----+--------+
         Total |   7266 |   7121 |    145 |      2 |   5868 |   7 | 1038.0 |
       Dungeon |   7221 |   7076 |    145 |      2 |   5825 |   6 | 1203.5 |
         Abyss |     45 |     45 |      0 |      0 |     43 |   1 |   45.0 |
               +--------+--------+--------+--------+--------+-----+--------+

Top non-repeatable levels by time:
     D:2: 2032 daAuts
     D:1: 1540 daAuts
     D:4: 1469 daAuts
     D:3: 1213 daAuts
     D:8: 568 daAuts
     D:5: 397 daAuts
 Abyss:1: 45 daAuts
